 Dungeon Crawl Stone Soup version 0.27.1-33-g824d729ab1 (webtiles) character file.

Game seed: 16989017147287345776

183 Thatpatchoflichen the Vexing (level 5, -4/25 HPs)
             Began as a Felid Conjurer on Dec 9, 2021.
             Was a Believer of Zin.
             Slain by a gnoll (9 damage)
             ... on level 6 of the Dungeon on Dec 12, 2021.
             The game lasted 00:22:37 (5643 turns).

Thatpatchoflichen the Vexing (Felid Conjurer)       Turns: 5643, Time: 00:22:37

Health: -4/25      AC:  2    Str:  3    XL:     5   Next: 35%
Magic:  9/12       EV:  9    Int: 22    God:    Zin [**....]
Gold:   182        SH:  0    Dex: 14    Spells: 0/12 levels left
                                        Lives:  0   Deaths: 2

rFire    . . .     SeeInvis +   (weapon unavailable)
rCold    . . .     Faith    .   (shield unavailable)
rNeg     . . .     Spirit   .   (armour unavailable)
rPois    .         Reflect  .   (helmet unavailable)
rElec    .         Harm     .   (cloak unavailable)
rCorr    .         Rampage  .   (gloves unavailable)
Will     .....                  (boots unavailable)
Stlth    ++........             (no amulet)
HPRegen  0.08/turn              (no ring)
MPRegen  0.13/turn              (no ring)

@: held, quick
A: very small, claws 1, fangs 3, see invisible, speed 1, shaggy fur 2, stealthy
paws, no weapons or thrown items, no armour, multi-lived
a: Renounce Religion, Recite, Vitalisation, Donate Gold


You were on level 6 of the Dungeon.
You worshipped Zin.
Zin was pleased with you.
You visited 1 branch of the dungeon, and saw 5 of its levels.

You collected 202 gold pieces.
You donated 20 gold pieces to Zin.

Inventory:

Scrolls
 a - 4 scrolls of identify {unknown}
 b - 2 scrolls of amnesia {unknown}
 f - 6 scrolls of teleportation {unknown}
 g - a scroll of enchant armour {unknown}
 h - a scroll of fog {unknown}
Potions
 c - a potion of flight {unknown}
 d - 2 potions of might {unknown}
 e - a potion of lignification
 i - a potion of invisibility {unknown}
 j - a potion of haste {unknown}
 k - 3 potions of heal wounds {unknown}
 l - 2 potions of curing {unknown}


   Skills:
 + Level 3.9 Fighting
 + Level 4.8 Dodging
 - Level 3.0 Stealth
 - Level 4.0 Spellcasting
 - Level 4.0 Conjurations
 + Level 5.0 Hexes


You couldn't memorise any spells.
You knew the following spells:

 Your Spells              Type           Power      Damage    Failure   Level
a - Magic Dart            Conj           88%        1d7       2%          1
b - Searing Ray           Conj           44%        3d4       3%          2
c - Ensorcelled Hibernat  Hex/Ice        30%        N/A       6%          2
d - Dazzling Flash        Conj/Hex       48%        N/A       5%          3
e - Fulminant Prism       Conj/Hex       12%        3d9       17%         4

Your spell library contained the following spells:

 Spells                   Type           Power      Damage    Failure   Level
 Spider Form              Tmut/Pois      2%         N/A       32%         3
 Iskenderun's Mystic Bla  Conj/Tloc      13%        2d5       43%         4
 Shadow Creatures         Summ           N/A        N/A       100%        6


Dungeon Overview and Level Annotations

Branches:
Dungeon (4/15)             Temple (0/1) D:6

Altars:
Ashenzari
Dithmenos
Okawaru
Wu Jian
Xom
Zin

Annotations:
D:2 1 runed translucent door, Crazy Yiuf


Innate Abilities, Weirdness & Mutations

You have sharp claws.
You have razor-sharp teeth.
You have supernaturally acute eyesight. (SInv)
You cover ground quickly. (Speed+)
You are covered in thick fur. (AC +2)
Your paws help you pounce on unaware monsters.
You are incapable of wielding weapons or throwing items.
You cannot wear armour.
You gain extra lives every three experience levels.


Message History

The centaur warrior zombie barely misses you.
The centaur warrior zombie hits you.
The centaur warrior zombie barely misses you.
You are now level 5!
You rejoin the land of the living...
There is an open door here.
Found a stone staircase leading up.
An iguana comes into view.
There are monsters nearby!
There are monsters nearby!
Found a stone staircase leading down.
The gnoll sergeant hits you from afar with a +1 vampiric spear.
The gnoll sergeant barely misses you.
The gnoll shouts!
You scratch the gnoll sergeant but do no damage.
The gnoll sergeant barely misses you.
You barely miss the gnoll sergeant. The gnoll sergeant closely misses you.
Casting: Searing Ray (safe; 3% risk of failure)
Confirm with . or Enter, or press ? or * to list all spells.
Aiming: Searing Ray (safe; 3% risk of failure)
Press: ? - help, Shift-Dir - straight line, f - gnoll sergeant
Aim: a gnoll sergeant, wielding a +1 vampiric spear and wearing a +0 ring mail (84% to hit)
The searing ray hits the gnoll sergeant.
The gnoll sergeant is moderately wounded. (Press . to maintain the ray.)
The gnoll throws a throwing net.
The throwing net completely misses you.
The gnoll sergeant hits you with a +1 vampiric spear!
The gnoll sergeant draws strength from your wounds!
The searing ray hits the gnoll sergeant but does no damage.
The gnoll sergeant is lightly wounded.
The gnoll throws a throwing net.
The throwing net hits you.
You become entangled in the net!
The gnoll sergeant hits you with a +1 vampiric spear.
* * * LOW HITPOINT WARNING * * *
The searing ray hits the gnoll sergeant.
The gnoll sergeant is moderately wounded.
The searing ray hits the gnoll!
The gnoll is severely wounded.
The gnoll hits you from afar with a +0 spear!
You die...

........ .......!.........#
....#.# ..................#
....#g###.....................#
............ .............>...#
....#####.#
.....####.......####
.g..'g†Z..# ###...#
#...........
....#####.....g.g.#
#........##. ....# ..###.g.#
#........# ....# .# #.@(#
#.....†..# ....# # #...#
#####.##.# ....# #...#
####.##.# ##### #...#
#....##.##. #...#####..........
#............#.....
#..######....#..#..
#..................
#.#######....######


You could see a gnoll sergeant and 2 gnolls.

Vanquished Creatures
  A necrophage (D:6)
  A centaur (D:6)
  A kobold brigand (D:4)
  A scorpion (D:4)
  A gnoll shaman (D:4)
  A centaur skeleton (D:6)
  Jessica (D:2)
  An iguana (D:6)
  5 gnolls
  7 adders
  5 dart slugs
  5 orcs
  5 bats
  8 endoplasms
  A giant cockroach (D:4)
  7 goblins
  6 hobgoblins
  5 jackals
  11 kobolds
  3 quokkas
  5 ball pythons
  4 frilled lizards
  6 rats
91 creatures vanquished.

Vanquished Creatures (others)
  A fulminant prism (D:6)
1 creature vanquished.

Grand Total: 92 creatures vanquished

Notes
Turn   | Place    | Note
-------+----------+-------------------------------------------
     0 | D:1      | Thatpatchoflichen the Felid Conjurer began the quest for
                  | the Orb.
     0 | D:1      | Reached XP level 1. HP: 7/7 MP: 4/4
     9 | D:1      | Found a faded altar of an unknown god.
   332 | D:1      | Reached XP level 2. HP: 11/11 MP: 1/6
   643 | D:1      | Found Fiwin's Magic Scroll Boutique.
   769 | D:2      | Reached XP level 3. HP: 9/14 MP: 2/7
  1095 | D:2      | Learned a level 2 spell: Searing Ray
  1140 | D:2      | Found an ornate altar of the Wu Jian Council.
  1607 | D:2      | Reached skill level 1 in Hexes
  1619 | D:2      | Found a runed translucent door.
  1676 | D:2      | Noticed Crazy Yiuf
  1764 | D:2      | Reached XP level 4. HP: 18/18 MP: 4/9
  1864 | D:2      | Noticed Jessica
  1866 | D:2      | Killed Jessica
  1867 | D:2      | Reached skill level 2 in Hexes
  2750 | D:3      | Reached skill level 3 in Hexes
  3188 | D:3      | Found a shimmering altar of Xom.
  3188 | D:3      | Found an iron altar of Okawaru.
  3196 | D:3      | Found a broken altar of Ashenzari.
  3199 | D:3      | Found a glowing silver altar of Zin.
  3201 | D:3      | Found a shadowy altar of Dithmenos.
  3263 | D:3      | Became a worshipper of Zin the Law-Giver
  3263 | D:3      | Reached * piety under Zin
  3753 | D:3      | Reached XP level 5. HP: 21/21 MP: 8/10
  4098 | D:4      | Reached skill level 1 in Fighting
  4098 | D:4      | Reached skill level 4 in Hexes
  4313 | D:4      | Gained mutation: You are covered in thick fur. (AC +2)
                  | [Felid growth]
  4313 | D:4      | Reached XP level 6. HP: 20/27 MP: 3/12
  4812 | D:4      | You fall into a shaft and drop 2 floors!
  4822 | D:6      | Learned a level 3 spell: Dazzling Flash
  4827 | D:6      | Learned a level 4 spell: Fulminant Prism
  4830 | D:6      | Learned a level 2 spell: Ensorcelled Hibernation
  5021 | D:6      | Zin protects you from harm!
  5388 | D:6      | Reached XP level 7. HP: 7/31 MP: 9/14
  5392 | D:6      | Zin protects you from harm!
  5392 | D:6      | HP: 1/31 [centaur warrior zombie (1)]
  5393 | D:6      | Mangled by a gnoll sergeant
  5394 | D:6      | Reached XP level 6. HP: -8/28 MP: 1/13
  5399 | D:6      | Reached ** piety under Zin
  5404 | D:6      | Found a staircase to the Ecumenical Temple.
  5459 | D:6      | Reached skill level 5 in Hexes
  5481 | D:6      | HP: 1/28 [centaur warrior zombie (5)]
  5482 | D:6      | Slain by a centaur warrior zombie
  5483 | D:6      | Reached XP level 5. HP: 0/25 MP: 1/12
  5643 | D:6      | Slain by a gnoll

Illustrated notes

Levels and vault maps discovered:
D:1:      lightli_arrival_statuegarden, layout_rooms,
          ebering_ecumenical_altar_abandoned, serial_shops, shop
D:2:      minmay_chambers_of_ones, layout_basic, basic_altar,
          nicolae_underground_beach, uniq_jessica, uniq_crazy_yiuf_cottage
D:3:      layout_loops_cross, chequers_temple_overflow_minitemple,
          minmay_goblin_kobold_house
D:4:      cheibrodos_helix_gallery, layout_basic
D:6:      layout_basic, minmay_temple_entry_glassed_door,
          minmay_misc_feat_plants

Skill      XL: |  1  2  3  4  5  6 |
---------------+-------------------+-----
Stealth        | 3 |  3.0
Dodging        | 3 4 |  4.8
Conjurations   | 4 |  4.0
Hexes          | 1 3 4 5 |  5.0
Spellcasting   | 3 4 |  4.0
Fighting       | 2 3 |  3.9

Action                   |  1- 3 |  4- 6 |  7- 9 || total
-------------------------+-------+-------+-------++-------
Melee: Unarmed           |       |    12 |     1 ||    13
 Cast: Magic Dart        |    81 |    98 |     1 ||   180
       Searing Ray       |     1 |    14 |       ||    15
       Fulminant Prism   |       |       |     1 ||     1
  Use: Potion            |       |     1 |       ||     1
Armor: Skin              |       |     1 |     2 ||     3
Dodge: Dodged            |    11 |    58 |     6 ||    75
